 Dungeon Sprint DCSS version 0.30.1-11-g7821555f0a (webtiles) character file.

Game seed: 17215995309656332816

873 Groucho the Geomancer (level 7, -4/32 HPs)
             Began as a Spriggan Earth Elementalist on Jan 4, 2024.
             Was a High Priest of Sif Muna.
             Slain by a demonic crawler (12 damage)
             ... in the Dungeon (Sprint VII: "The Pits").
             The game lasted 00:06:30 (3259 turns).

Groucho the Geomancer (Spriggan Earth Elementalist) Turns: 3259, Time: 00:06:30

Health: -4/32      AC:  2    Str:  4    XL:     7   Next: 74%
Magic:  2/19       EV: 17    Int: 16    God:    Sif Muna [*****.]
Gold:   0          SH:  0    Dex: 18    Spells: 14/22 levels left

rFire   . . .        l - +2 dagger (drain)
rCold   . . .        (no shield)
rNeg    . . .        a - +0 robe
rPois   .            (helmet restricted)
rElec   .            (no cloak)
rCorr   .            (gloves unavailable)
SInv    +            (boots unavailable)
Will    +....        (no amulet)
Stlth   +++          (no ring)
HPRegen 0.25/turn    (no ring)
MPRegen 0.16/turn

%: no teleportation
@: very quick
A: very small, no large weapons, unfitting armour, see invisible, speed 3
a: Renounce Religion, Channel Magic, Forget Spell, Divine Exegesis


You were in the Dungeon.
You worshipped Sif Muna.
Sif Muna was extremely pleased with you.
You visited 1 branch

Inventory:

Hand Weapons
 l - a +2 dagger of draining (weapon)
Armour
 a - a +0 robe (worn)
Scrolls
 g - a scroll of blinking
 j - 5 scrolls of amnesia
 k - a scroll of summoning
Potions
 b - 3 potions of magic
 c - 5 potions of curing
 d - 5 potions of heal wounds
 e - a potion of haste
 f - 3 potions of berserk rage
 i - 2 potions of invisibility


   Skills:
 + Level 3.2 Short Blades
 - Level 2.6 Dodging
 + Level 5.8 Stealth
 + Level 8.4 Spellcasting
 * Level 7.3 Conjurations
 + Level 2.5 Transmutations
 + Level 9.1 Earth Magic
 + Level 6.3 Invocations


You had 14 spell levels left.
You knew the following spells:

 Your Spells              Type           Power      Damage    Failure   Level
a - Sandblast             Erth           70%        2d15      1%          1
b - Stone Arrow           Conj/Erth      66%        3d11      1%          3
c - Petrify               Tmut/Erth      25%        N/A       10%         4

Your spell library contained the following spells:

 Spells                   Type           Power      Damage    Failure   Level
 Passwall                 Tmut/Erth      20%        N/A       1%          2


Dungeon Overview and Level Annotations

Branches:
Dungeon (1/1)

Altars:
Ashenzari
Cheibriados
Dithmenos
Elyvilon
Fedhas
Gozag
Hepliaklqana
Kikubaaqudgha
Makhleb
Nemelex Xobeh
Okawaru
Qazlal
Ru
Sif Muna
Trog
Uskayaw
Vehumet
Wu Jian
Xom
Yredelemnul
Zin
The Shining One
Jiyva
Lugonu


Innate Abilities, Weirdness & Mutations

You are very small and have problems with some larger weapons.
You are too small for most types of armour.
You have supernaturally acute eyesight. (SInv)
You cover ground extremely quickly. (Speed+++)


Message History

Confirm with . or Enter, or press ? or * to list all spells.
Aiming: Stone Arrow (safe; 1% risk of failure)
Press: ? - help, Shift-Dir - straight line, f/p - demonic crawler
Aim: a demonic crawler (heavily wounded, 88% to hit)
The stone arrow hits the demonic crawler!!
The demonic crawler is almost dead.
There is an open door to the Storerooms (Easy) here.
Casting: Stone Arrow (safe; 1% risk of failure)
Confirm with . or Enter, or press ? or * to list all spells.
Aiming: Stone Arrow (safe; 1% risk of failure)
Press: ? - help, Shift-Dir - straight line, f/p - demonic crawler
Aim: a demonic crawler (heavily wounded, 88% to hit)
The stone arrow hits the demonic crawler!!
The demonic crawler is severely wounded.
The demonic crawler barely misses you. The demonic crawler closely misses you.
The demonic crawler misses you.
Unknown command.
Things that are here:
a +0 whip; a +0 leather armour
Casting: Stone Arrow (safe; 1% risk of failure)
Confirm with . or Enter, or press ? or * to list all spells.
Aiming: Stone Arrow (safe; 1% risk of failure)
Press: ? - help, Shift-Dir - straight line, f/p - demonic crawler
Aim: a demonic crawler (lightly wounded, 88% to hit)
The stone arrow hits the demonic crawler!!
The demonic crawler is heavily wounded.
Unknown command.
Unknown command.
Casting: Stone Arrow (safe; 1% risk of failure)
Confirm with . or Enter, or press ? or * to list all spells.
Aiming: Stone Arrow (safe; 1% risk of failure)
Press: ? - help, Shift-Dir - straight line, f/p - demonic crawler
Aim: a demonic crawler (moderately wounded, 88% to hit)
The stone arrow hits the demonic crawler!
The demonic crawler is heavily wounded.
The demonic crawler hits you!
Ouch! That really hurt!
* * * LOW HITPOINT WARNING * * *
The demonic crawler closely misses you. The demonic crawler hits you!
You die...

############
#_________.#
#_________.#
#_______...##########
##########'##........
#.?(.')))'.##......#.
##########.##........
#...@s..)...'........
#'#####'#####......#.
#.#...#)#..##........
#.#...#.#))#####'####
#.#...'.#))##.......#
#.##'####))##.......#
#.#.....#[[##.......#
#.#.....#'###...<...#
#.#†.......##.......#


You could see a demonic crawler.

Vanquished Creatures
  A tyrant leech (D)
  A wyvern (D)
  A warg (D)
  A water moccasin (D)
  A phantom (D)
  A scorpion (D)
  2 quasits (D)
  An orc priest (D)
  Jessica (D)
  An iguana (D)
  A gnoll (D)
  A white imp (D)
  An ufetubus (D)
  An orc (D)
  2 bat skeletons (D)
  An endoplasm (D)
  A hobgoblin (D)
  2 quokkas (D)
  2 rats (D)
23 creatures vanquished.

Notes
Turn   | Place    | Note
-------+----------+-------------------------------------------
     0 | D        | Groucho the Spriggan Earth Elementalist began the quest for
                  | the Orb.
     0 | D        | Reached XP level 1. HP: 9/9 MP: 5/5
    13 | D        | Reached skill level 1 in Conjurations
    13 | D        | Reached skill level 3 in Earth Magic
   246 | D        | Found a glowing golden altar of the Shining One.
   246 | D        | Found a glowing silver altar of Zin.
   246 | D        | Found a basalt altar of Yredelemnul.
   246 | D        | Found a shimmering altar of Xom.
   246 | D        | Found an ornate altar of the Wu Jian Council.
   246 | D        | Found a bloodstained altar of Trog.
   246 | D        | Found a shimmering blue altar of Sif Muna.
   246 | D        | Found a sacrificial altar of Ru.
   246 | D        | Found a stormy altar of Qazlal.
   246 | D        | Found an iron altar of Okawaru.
   246 | D        | Found a sparkling altar of Nemelex Xobeh.
   246 | D        | Found a burning altar of Makhleb.
   246 | D        | Found a viscous altar of Jiyva.
   246 | D        | Found a hazy altar of Hepliaklqana.
   246 | D        | Found an opulent altar of Gozag.
   246 | D        | Found a blossoming altar of Fedhas.
   246 | D        | Found a white marble altar of Elyvilon.
   246 | D        | Found a shadowy altar of Dithmenos.
   246 | D        | Found a snail-covered altar of Cheibriados.
   247 | D        | Found a radiant altar of Vehumet.
   247 | D        | Found a corrupted altar of Lugonu.
   248 | D        | Found a hide-covered altar of Uskayaw.
   248 | D        | Found an ancient bone altar of Kikubaaqudgha.
   248 | D        | Found a broken altar of Ashenzari.
   253 | D        | Became a worshipper of Sif Muna the Loreminder
   260 | D        | Noticed a scorpion
   534 | D        | Killed a scorpion
   535 | D        | Reached skill level 4 in Earth Magic
   535 | D        | Reached XP level 2. HP: 9/13 MP: 2/8
   535 | D        | Reached XP level 3. HP: 11/16 MP: 2/10
   829 | D        | Reached * piety under Sif Muna
   832 | D        | Reached skill level 5 in Earth Magic
   832 | D        | Reached XP level 4. HP: 15/21 MP: 7/11
  1065 | D        | Reached ** piety under Sif Muna
  1147 | D        | Noticed a warg
  1147 | D        | Noticed a water moccasin
  1147 | D        | Noticed a phantom
  1162 | D        | Learned a level 3 spell: Stone Arrow
  1167 | D        | Learned a level 4 spell: Petrify
  1175 | D        | HP: 1/21 [water moccasin (2)]
  1179 | D        | Killed a water moccasin
  1180 | D        | Reached skill level 5 in Spellcasting
  1180 | D        | Reached skill level 6 in Earth Magic
  1180 | D        | Reached XP level 5. HP: 14/24 MP: 8/14
  1181 | D        | Reached *** piety under Sif Muna
  1182 | D        | Reached skill level 5 in Conjurations
  1188 | D        | Reached skill level 7 in Earth Magic
  1189 | D        | Killed a phantom
  1190 | D        | Reached XP level 6. HP: 16/28 MP: 3/16
  1209 | D        | Killed a warg
  1210 | D        | Reached skill level 8 in Earth Magic
  1210 | D        | Reached skill level 5 in Invocations
  1460 | D        | Reached **** piety under Sif Muna
  1481 | D        | Noticed a tyrant leech
  1498 | D        | Killed a tyrant leech
  1499 | D        | Reached XP level 7. HP: 32/32 MP: 1/19
  1931 | D        | Reached ***** piety under Sif Muna
  1932 | D        | Reached skill level 5 in Stealth
  2282 | D        | Noticed Jessica
  2282 | D        | Noticed a wyvern
  2284 | D        | Killed Jessica
  2284 | D        | Noticed a demonic crawler
  2285 | D        | Reached skill level 9 in Earth Magic
  2317 | D        | Killed a wyvern
  3259 | D        | Slain by a demonic crawler

Illustrated notes

Levels and vault maps discovered:
D:        pitsprint [storerooms_1, entrance_room_1, metal_vault_5, armoury_2,
          mini_pit_1, grid_room_1, main_hall_1, silver_pit, the_coven_3,
          the_vestibule_1, steel_vault_5, golden_pit, hallway_of_sentries,
          crystal_vault_1, iron_vault_4, final_vault]

Skill      XL: |  1  2  3  4  5  6  7 |
---------------+----------------------+-----
Spellcasting   | 4 5 6 7 8 |  8.4
Conjurations   | 3 4 5 6 7 |  7.3
Earth Magic    | 4 5 6 7 8 9 |  9.1
Invocations    | 2 3 4 5 6 |  6.3
Short Blades   | 2 3 |  3.2
Stealth        | 4 5 |  5.8
Transmutations | 2 |  2.5
Dodging        | |  2.6

Action                     |  1- 3 |  4- 6 |  7- 9 || total
---------------------------+-------+-------+-------++-------
  Melee: Dagger            |       |     1 |     8 ||     9
   Cast: Sandblast         |    20 |    13 |     1 ||    34
         Stone Arrow       |       |    15 |    15 ||    30
         Petrify           |       |       |     8 ||     8
    Use: Potion            |     1 |     3 |       ||     4
   Stab: Petrified         |       |       |     8 ||     8
 Armour: Robe              |       |     1 |     5 ||     6
  Dodge: Dodged            |    17 |    19 |    13 ||    49
